[Event "FIDE World Rapid-ch Open 2018"]
[White "Yu, Yangyi"]
[Black "Nakamura, Hikaru"]
[Site "St. Petersburg"]
[Round "14.2"]
[Annotator "ChessBase"]
[Result "0-1"]
[Date "2018.12.28"]
[WhiteElo "2764"]
[BlackElo "2746"]
[PlyCount "240"]
[TimeControl "900+10"]

1. e4 d5 2. exd5 Qxd5 3. Nc3 Qd8 4. d4 Nf6 5. Nf3 g6 6. Be2 Bg7 7. 0-0 0-0 8. h3 Nc6 9. a3 e6 10. Bf4 b6 11. Nb5 a6 12. Nc3 Bb7 13. Qd2 Ne7 14. Rad1 Nf5 15. Be5 Qe7 16. Qf4 Rac8 17. Nh4 Nxh4 18. Qxh4 Nd5 19. Qxe7 Nxe7 20. Bxg7 Kxg7 21. Bd3 Rfd8 22. Be4 Bxe4 23. Nxe4 Rd7 24. c3 Rcd8 25. Rde1 Nc6 26. f4 Na5 27. g4 Nc4 28. Re2 Rd5 29. b3 Nd6 30. Nxd6 R8xd6 31. Re5 c5 32. dxc5 Rxc5 33. Rxc5 bxc5 34. Kg2 Kf6 35. b4 c4 36. a4 Ke7 37. Re1 Rd3 38. Re5 Rxc3 39. Rc5 Ra3 40. Rxc4 Rxa4 41. Rc7+ Kf8 42. Rb7 Ra2+ 43. Kg3 Ra3+ 44. Kg2 h5 45. gxh5 gxh5 46. h4 Rb3 47. Rb6 Kg7 48. Rxa6 Rxb4 49. Kf3 Rb3+ 50. Kg2 Rb5 51. Ra8 Kf6 52. Rh8 Kg7 53. Ra8 Rd5 54. Kf3 Rd3+ 55. Kg2 Kf6 56. Ra5 Rd5 57. Ra7 Kg6 58. Re7 Rd3 59. Ra7 f6 60. Ra5 Rd5 61. Ra3 Kf5 62. Kf3 Rb5 63. Kg3 Rc5 64. Rb3 Rd5 65. Kf3 Ra5 66. Kg3 Rc5 67. Ra3 Rd5 68. Kf3 Rd4 69. Ra5+ e5 70. fxe5 fxe5 71. Ra8 Rxh4 72. Rf8+ Ke6 73. Re8+ Kf6 74. Rf8+ Ke7 75. Rh8 Rf4+ 76. Ke3 h4 77. Rh6 Kf7 78. Ra6 Kg7 79. Ra7+ Kg6 80. Ra8 Rf7 81. Rg8+ Rg7 82. Re8 h3 83. Re6+ Kf5 84. Rh6 Rg3+ 85. Kf2 Ra3 86. Rh4 Kg5 87. Rh8 Kg4 88. Rg8+ Kf4 89. Rf8+ Ke4 90. Rg8 Kf5 91. Rf8+ Kg6 92. Rg8+ Kf6 93. Rf8+ Ke7 94. Rh8 Kd6 95. Rd8+ Kc5 96. Rc8+ Kd4 97. Rd8+ Ke4 98. Rh8 Rc3 99. Rh7 Kf4 100. Rh4+ Kg5 101. Rh8 e4 102. Rg8+ Kf5 103. Rf8+ Ke5 104. Re8+ Kd4 105. Rd8+ Kc4 106. Rc8+ Kd3 107. Rd8+ Kc2 108. Ke2 h2 109. Rh8 Kb1 110. Rb8+ Ka2 111. Ra8+ Kb3 112. Rb8+ Kc4 113. Rh8 Ra3 114. Rc8+ Kd4 115. Rd8+ Kc5 116. Rc8+ Kd6 117. Rd8+ Ke5 118. Rh8 Kf4 119. Rf8+ Kg3 120. Rg8+ Kh3 0-1

[Event "FIDE World Rapid-ch Open 2018"]
[White "Wang, Hao"]
[Black "Dubov, Daniil"]
[Site "St. Petersburg"]
[Round "14.3"]
[Annotator "ChessBase"]
[Result "0-1"]
[Date "2018.12.28"]
[WhiteElo "2730"]
[BlackElo "2703"]
[PlyCount "78"]
[TimeControl "900+10"]

1. Nf3 Nf6 2. c4 g6 3. g3 Bg7 4. Bg2 c6 5. d4 d5 6. Nbd2 0-0 7. 0-0 a5 8. b3 Ne4 9. Bb2 Bf5 10. Nh4 Nxd2 11. Qxd2 Be6 12. f4 Nd7 13. f5 gxf5 14. Nxf5 Bxf5 15. Rxf5 e6 16. Rff1 f5 17. cxd5 cxd5 18. Rac1 Nf6 19. Bf3 a4 20. Qe3 Qd7 21. Rc2 axb3 22. Qxb3 Rac8 23. Rfc1 Bh6 24. Rxc8 Rxc8 25. Rc5 Bf8 26. Rb5 Rc7 27. Rb6 Ne4 28. Bxe4 fxe4 29. Kg2 Bg7 30. Rb5 Qf7 31. Rb6 Bh6 32. Qd1 Be3 33. Qf1 Qh5 34. Rxe6 Rc2 35. Kh1 Rxb2 36. Re5 Qf7 37. Rf5 Qe6 38. Re5 Qd7 39. Qf6 Rb1+ 0-1

[Event "FIDE World Rapid-ch Open 2018"]
[White "Artemiev, Vladislav"]
[Black "Gelfand, Boris"]
[Site "St. Petersburg"]
[Round "14.4"]
[Annotator "ChessBase"]
[Result "1-0"]
[Date "2018.12.28"]
[WhiteElo "2709"]
[BlackElo "2673"]
[PlyCount "63"]
[TimeControl "900+10"]

1. d4 Nf6 2. Bg5 d5 3. Nd2 c5 4. e3 Qb6 5. dxc5 Qxb2 6. Rb1 Qc3 7. Bb5+ Nc6 8. Ngf3 e6 9. 0-0 Qxc5 10. Bxf6 gxf6 11. c4 Bg7 12. Nb3 Qd6 13. cxd5 exd5 14. Nbd4 0-0 15. Bxc6 bxc6 16. Nh4 f5 17. Nhxf5 Bxf5 18. Nxf5 Qf6 19. Qg4 Rab8 20. g3 Kh8 21. Rfc1 Rxb1 22. Rxb1 Qg6 23. Qf4 Qe6 24. Rb8 Qf6 25. Rb7 c5 26. Rxa7 Qe6 27. Re7 Qf6 28. Rd7 Qa1+ 29. Kg2 Qxa2 30. Qg5 Qb2 31. Nxg7 Qxg7 32. Qxd5 1-0

[Event "FIDE World Rapid-ch Open 2018"]
[White "Salem, A.R. Saleh"]
[Black "Mamedyarov, Shakhriyar"]
[Site "St. Petersburg"]
[Round "14.5"]
[Annotator "ChessBase"]
[Result "0-1"]
[Date "2018.12.28"]
[WhiteElo "2660"]
[BlackElo "2817"]
[PlyCount "96"]
[TimeControl "900+10"]

1. e4 e5 2. Nf3 Nc6 3. Bb5 a6 4. Ba4 Nf6 5. d3 b5 6. Bb3 Bc5 7. Nc3 h6 8. Nd5 d6 9. c3 Rb8 10. 0-0 0-0 11. d4 Ba7 12. Be3 Bg4 13. dxe5 Nxd5 14. Qxd5 Bxe3 15. fxe3 Be6 16. Qxc6 Rb6 17. Qxb6 cxb6 18. Rad1 Bxb3 19. axb3 Qa8 20. exd6 Qxe4 21. d7 Rd8 22. Rd4 Qe6 23. Rfd1 Qxb3 24. R1d2 a5 25. h3 Kf8 26. Rd6 b4 27. Nd4 Qa4 28. cxb4 Rxd7 29. Ne6+ fxe6 30. Rxd7 Qxb4 31. Rc2 Kg8 32. Kf2 a4 33. Rd4 Qb3 34. Rcd2 b5 35. R4d3 Qb4 36. Rd4 Qc5 37. Rd8+ Kh7 38. Ra8 Qf5+ 39. Kg1 Qe4 40. Rdd8 Qxe3+ 41. Kh1 Qe1+ 42. Kh2 Qe5+ 43. Kh1 Qxb2 44. h4 Qf2 45. g3 Qxg3 46. Rh8+ Kg6 47. h5+ Kxh5 48. Rab8 Kh4 0-1

[Event "FIDE World Rapid-ch Open 2018"]
[White "Ponkratov, Pavel"]
[Black "Karjakin, Sergey"]
[Site "St. Petersburg"]
[Round "14.6"]
[Annotator "ChessBase"]
[Result "1/2-1/2"]
[Date "2018.12.28"]
[WhiteElo "2630"]
[BlackElo "2753"]
[PlyCount "25"]
[TimeControl "900+10"]

1. d4 Nf6 2. c4 e6 3. Nf3 d5 4. g3 Bb4+ 5. Nc3 0-0 6. a3 Be7 7. Ne5 c5 8. cxd5 Nxd5 9. Bg2 cxd4 10. Nxd5 exd5 11. 0-0 Bf6 12. Nd3 Nc6 13. Qb3 1/2-1/2

[Event "FIDE World Rapid-ch Open 2018"]
[White "Matlakov, Maxim"]
[Black "Giri, Anish"]
[Site "St. Petersburg"]
[Round "14.7"]
[Annotator "ChessBase"]
[Result "1/2-1/2"]
[Date "2018.12.28"]
[WhiteElo "2700"]
[BlackElo "2783"]
[PlyCount "21"]
[TimeControl "900+10"]

1. c4 e5 2. Nc3 Nf6 3. Nf3 Nc6 4. g3 d5 5. cxd5 Nxd5 6. Bg2 Nb6 7. 0-0 Be7 8. Rb1 a5 9. d3 0-0 10. Be3 Be6 11. d4 1/2-1/2

[Event "FIDE World Rapid-ch Open 2018"]
[White "Korobov, Anton"]
[Black "Firouzja, Alireza"]
[Site "St. Petersburg"]
[Round "14.8"]
[Annotator "ChessBase"]
[Result "1-0"]
[Date "2018.12.28"]
[WhiteElo "2698"]
[BlackElo "2607"]
[PlyCount "91"]
[TimeControl "900+10"]

1. d4 Nf6 2. c4 g6 3. Nc3 Bg7 4. e4 d6 5. f3 0-0 6. Nge2 c5 7. d5 e6 8. Bg5 h6 9. Be3 exd5 10. cxd5 a6 11. Qd2 h5 12. a4 Nbd7 13. Nc1 Rb8 14. Be2 Ne5 15. h3 b5 16. axb5 axb5 17. Nxb5 h4 18. 0-0 Bd7 19. Nc3 Rb4 20. b3 Re8 21. Ra3 Rd4 22. Qc2 Nh5 23. f4 Ng3 24. fxe5 Nxf1 25. Bxf1 Bxe5 26. Nd3 Bg7 27. Nf2 Rb4 28. Bc4 Qf6 29. Nb1 Rbb8 30. Ra7 Red8 31. Qa2 Qe5 32. Nd2 Qc3 33. Bg5 Qc1+ 34. Bf1 Bd4 35. Nf3 Be3 36. Bxd8 Rxd8 37. Qe2 c4 38. Rc7 c3 39. e5 Bb6 40. Rb7 Bc5 41. e6 c2 42. Rxd7 Rxd7 43. exd7 Bb6 44. Nd4 Bxd4 45. d8=Q+ Kg7 46. Qxh4 1-0

[Event "FIDE World Rapid-ch Open 2018"]
[White "Zhigalko, Sergei"]
[Black "Kamsky, Gata"]
[Site "St. Petersburg"]
[Round "14.9"]
[Annotator "ChessBase"]
[Result "1/2-1/2"]
[Date "2018.12.28"]
[WhiteElo "2604"]
[BlackElo "2666"]
[PlyCount "55"]
[TimeControl "900+10"]

1. e4 e5 2. Nf3 Nc6 3. Bb5 a6 4. Ba4 Nf6 5. 0-0 Be7 6. Re1 b5 7. Bb3 d6 8. c3 0-0 9. h3 Nb8 10. d4 Nbd7 11. Nbd2 Bb7 12. Bc2 Re8 13. Nf1 Bf8 14. Ng3 g6 15. b3 c6 16. Bg5 h6 17. Be3 Bg7 18. Qd2 Kh7 19. Rad1 Qe7 20. Qc1 Rad8 21. a4 Nf8 22. b4 Qc7 23. dxe5 dxe5 24. Bb3 Bc8 25. a5 Rxd1 26. Rxd1 Be6 27. Bb6 Qb8 28. Qc2 1/2-1/2

[Event "FIDE World Rapid-ch Open 2018"]
[White "Grischuk, Alexander"]
[Black "Duda, Jan-Krzysztof"]
[Site "St. Petersburg"]
[Round "14.11"]
[Annotator "ChessBase"]
[Result "1/2-1/2"]
[Date "2018.12.28"]
[WhiteElo "2771"]
[BlackElo "2738"]
[PlyCount "70"]
[TimeControl "900+10"]

1. Nf3 d5 2. g3 g6 3. c4 dxc4 4. Na3 Bg7 5. Nxc4 Nc6 6. d3 e5 7. Bd2 Be6 8. Qa4 Qd7 9. Bc3 f6 10. h4 Nh6 11. Bg2 a6 12. Na5 Nxa5 13. Qxd7+ Kxd7 14. Bxa5 c6 15. Nd2 Nf5 16. Ne4 Nd6 17. Nc5+ Ke7 18. Nxe6 Kxe6 19. e3 f5 20. Ke2 h5 21. Rhc1 e4 22. d4 Rhc8 23. Rc2 Ne8 24. Ke1 Nf6 25. Bf1 Bf8 26. Bc4+ Nd5 27. Rac1 Bd6 28. Ke2 Kd7 29. a3 Rab8 30. Ba2 Ra8 31. Bd2 Rc7 32. Ba5 Rcc8 33. Bd2 Rc7 34. Ba5 Rcc8 35. Bd2 Rc7 1/2-1/2

[Event "FIDE World Rapid-ch Open 2018"]
[White "Saric, Ivan"]
[Black "Anton Guijarro, David"]
[Site "St. Petersburg"]
[Round "14.12"]
[Annotator "ChessBase"]
[Result "1/2-1/2"]
[Date "2018.12.28"]
[WhiteElo "2695"]
[BlackElo "2642"]
[PlyCount "46"]
[TimeControl "900+10"]

1. e4 e5 2. Nf3 Nc6 3. Bb5 g6 4. c3 a6 5. Bxc6 dxc6 6. d4 exd4 7. cxd4 Bg7 8. Nc3 Ne7 9. h3 h6 10. Bf4 g5 11. Be5 Bxe5 12. Nxe5 Be6 13. h4 gxh4 14. f4 h3 15. g3 Ng6 16. f5 Nxe5 17. dxe5 Qg5 18. Rxh3 Qe3+ 19. Qe2 Qg1+ 20. Qf1 Qe3+ 21. Qe2 Qg1+ 22. Qf1 Qe3+ 23. Qe2 Qg1+ 1/2-1/2

[Event "FIDE World Rapid-ch Open 2018"]
[White "Zubov, Alexander"]
[Black "Nepomniachtchi, Ian"]
[Site "St. Petersburg"]
[Round "14.13"]
[Annotator "ChessBase"]
[Result "1/2-1/2"]
[Date "2018.12.28"]
[WhiteElo "2597"]
[BlackElo "2763"]
[PlyCount "207"]
[TimeControl "900+10"]

1. d4 g6 2. e4 d6 3. Nf3 Nf6 4. Bd3 Bg7 5. 0-0 0-0 6. Re1 c6 7. h3 Qc7 8. Nbd2 e5 9. c3 Nbd7 10. Nf1 Nh5 11. Be3 Re8 12. Qd2 Nf8 13. Rad1 b5 14. c4 a6 15. Rc1 Qb7 16. d5 Bd7 17. b3 c5 18. g4 Nf6 19. Ng3 bxc4 20. bxc4 Reb8 21. Rb1 Qc8 22. Bg5 a5 23. Rxb8 Rxb8 24. Qxa5 Ra8 25. Qd2 Ra3 26. Rb1 Qa6 27. Rb2 Bc8 28. Kg2 N8d7 29. Nf1 Nb6 30. Ne3 h5 31. Nh2 hxg4 32. hxg4 Nbd7 33. Bh4 Bh6 34. Qe2 Bf4 35. Nhf1 Nh7 36. f3 Ng5 37. Bb1 Kg7 38. Be1 Nb6 39. Rb3 Ra4 40. Rc3 Bd7 41. Bg3 Bxg3 42. Kxg3 Bc8 43. Nd2 Qa7 44. Rb3 Ba6 45. a3 Bc8 46. Qd3 Bd7 47. Bc2 Ra6 48. Bd1 Qa8 49. Qe2 Qd8 50. Qh2 Qf6 51. Kg2 Ba4 52. Rxb6 Rxb6 53. Bxa4 Rb2 54. Bc2 Qf4 55. Qg1 Ra2 56. Qf2 Rxa3 57. Nef1 Ra8 58. Qe3 Qf6 59. Qf2 Rh8 60. Qg3 Kg8 61. Bd3 Rh7 62. Nh2 Qh8 63. f4 exf4 64. Qxf4 Nh3 65. Qe3 Nf2 66. Ndf3 Rxh2+ 67. Nxh2 Qxh2+ 68. Kxh2 Nxg4+ 69. Kg3 Nxe3 70. Kf4 Ng2+ 71. Kg3 Ne3 72. Kf4 Nd1 73. e5 Nb2 74. Be2 Kf8 75. exd6 f6 76. Ke3 Ke8 77. Bd3 Kd7 78. Bxg6 Nxc4+ 79. Kf4 Nxd6 80. Bc2 Kc7 81. Kg4 Nb5 82. Bb3 Kd6 83. Kf4 Ke7 84. Ba2 Nd6 85. Bb1 Kd8 86. Bc2 Kc7 87. Kg4 Kb6 88. Kh5 c4 89. Kg6 f5 90. Kf6 Kc5 91. Ke5 c3 92. Bd3 Nc4+ 93. Kxf5 Kxd5 94. Kf4 Kd4 95. Bc2 Ne5 96. Bb1 Nc4 97. Bc2 Ne3 98. Bb1 Nf1 99. Bc2 Nd2 100. Bh7 Kc4 101. Bc2 Kd4 102. Bh7 Nb3 103. Kf3 Nc1 104. Bc2 1/2-1/2

[Event "FIDE World Rapid-ch Open 2018"]
[White "Petrosian, Tigran L."]
[Black "Guseinov, Gadir"]
[Site "St. Petersburg"]
[Round "14.14"]
[Annotator "ChessBase"]
[Result "1-0"]
[Date "2018.12.28"]
[WhiteElo "2598"]
[BlackElo "2664"]
[PlyCount "117"]
[TimeControl "900+10"]

1. Nf3 g6 2. g3 Bg7 3. Bg2 d6 4. 0-0 Nf6 5. c4 0-0 6. Nc3 e5 7. d3 Re8 8. Rb1 a5 9. a3 Nc6 10. Bg5 h6 11. Bxf6 Bxf6 12. b4 axb4 13. axb4 Bg7 14. b5 Nd4 15. Nxd4 exd4 16. Nd5 Bg4 17. Re1 Ra2 18. Bf3 h5 19. Nb4 Ra7 20. b6 cxb6 21. Bxg4 hxg4 22. Nd5 Ra5 23. Nxb6 Rh5 24. Nd5 Qg5 25. Qa4 Rf8 26. Qd7 Be5 27. Rxb7 Kg7 28. Nc7 Kg8 29. Nd5 Kg7 30. Ra1 Rh7 31. Nc7 Kg8 32. Nd5 Qh5 33. h4 gxh3 34. Re1 Qg5 35. Kh2 Qd2 36. Rbb1 Rh5 37. Rbd1 Qc2 38. Qg4 Re8 39. Nc7 Re7 40. Nd5 Re8 41. f4 Bg7 42. Qf3 Rh6 43. Ra1 Qd2 44. Rad1 Qc2 45. Kh1 Kh8 46. Ra1 Qd2 47. Rad1 Qc2 48. Qg4 Rh5 49. Qf3 Rh6 50. Kg1 Kg8 51. Kf2 g5 52. fxg5 Rg6 53. Ra1 Rxg5 54. Ra7 f5 55. Ne7+ Kh8 56. Rh1 Be5 57. Rxh3+ Kg7 58. Nxf5+ Kg6 59. Rh6# 1-0

[Event "FIDE World Rapid-ch Open 2018"]
[White "Savchenko, Boris"]
[Black "Jakovenko, Dmitry"]
[Site "St. Petersburg"]
[Round "14.15"]
[Annotator "ChessBase"]
[Result "0-1"]
[Date "2018.12.28"]
[WhiteElo "2562"]
[BlackElo "2735"]
[PlyCount "84"]
[TimeControl "900+10"]

1. e4 e5 2. Nf3 Nc6 3. Nc3 Nf6 4. Rb1 Bb4 5. Bc4 Bxc3 6. bxc3 Nxe4 7. Bd5 Nf6 8. Bxc6 dxc6 9. Nxe5 Qd5 10. 0-0 0-0 11. d4 Qxa2 12. Rb3 c5 13. dxc5 Qa6 14. c4 Bf5 15. Bb2 Rfd8 16. Qc1 Bg6 17. Re1 Re8 18. Rbe3 Qa4 19. c6 bxc6 20. Nd7 Ne4 21. f3 c5 22. Ne5 Nd6 23. R1e2 f6 24. Ra3 Qb4 25. Rb3 Qa5 26. Nc6 Qa4 27. Ne7+ Kf7 28. Qe1 Qxc4 29. Rbe3 a5 30. h4 a4 31. Ba1 a3 32. g4 a2 33. h5 Be4 34. fxe4 Rxe7 35. g5 Rb8 36. Rb3 Rxb3 37. cxb3 Qxb3 38. Qf2 Qb1+ 39. Re1 Rxe4 40. Rf1 Rg4+ 41. Kh2 Qe4 42. Qxa2+ c4 0-1

[Event "FIDE World Rapid-ch Open 2018"]
[White "Cheparinov, Ivan"]
[Black "Alekseev, Evgeny"]
[Site "St. Petersburg"]
[Round "14.17"]
[Annotator "ChessBase"]
[Result "1-0"]
[Date "2018.12.28"]
[WhiteElo "2709"]
[BlackElo "2639"]
[PlyCount "156"]
[TimeControl "900+10"]

1. Nf3 c5 2. c4 Nc6 3. Nc3 g6 4. e3 Nf6 5. d4 cxd4 6. exd4 d5 7. cxd5 Nxd5 8. Qb3 e6 9. Bb5 Bg7 10. 0-0 0-0 11. Bxc6 bxc6 12. Re1 Qc7 13. h3 Rb8 14. Qd1 Rd8 15. Ne4 h6 16. Bd2 Kh7 17. Rb1 Rb5 18. a4 Rb8 19. b4 Qe7 20. Nc5 Bd7 21. Ne5 Be8 22. Qc2 Qh4 23. Re4 Qe7 24. Ree1 Qh4 25. Nf3 Qf6 26. Rb3 Qe7 27. Ne5 Qh4 28. Nf3 Qe7 29. Qc1 Qf6 30. Ne5 Qh4 31. Nf3 Qf6 32. Re4 Qe7 33. Rh4 h5 34. Re4 Rd6 35. Re1 f6 36. Qc4 Bf7 37. Qc2 Kg8 38. Qc1 g5 39. Ne4 Rd7 40. Qxc6 Rc7 41. Qa6 g4 42. hxg4 hxg4 43. Nh2 Nxb4 44. Qa5 Nc6 45. Rxb8+ Nxb8 46. Nxg4 Rc8 47. Bb4 Qd8 48. Qxd8+ Rxd8 49. Ngxf6+ Bxf6 50. Nxf6+ Kg7 51. Ng4 Nc6 52. Bc3 Kf8 53. Re4 Ke7 54. Ne5 Be8 55. Rh4 Nxe5 56. dxe5 Rd1+ 57. Kh2 Bg6 58. Rg4 Kf7 59. Rb4 Rd7 60. a5 a6 61. Bd4 Be4 62. Bc5 Bc6 63. Bd6 Rb7 64. Rf4+ Ke8 65. Rf8+ Kd7 66. g4 Rb3 67. Rf7+ Kd8 68. Rf8+ Kd7 69. f4 Be4 70. Rf7+ Kc6 71. f5 exf5 72. gxf5 Kd5 73. f6 Rf3 74. Rg7 Ke6 75. Re7+ Kd5 76. Ra7 Bg6 77. Rxa6 Ke4 78. Rb6 Kd5 1-0

[Event "FIDE World Rapid-ch Open 2018"]
[White "Motylev, Alexander"]
[Black "Paravyan, David"]
[Site "St. Petersburg"]
[Round "14.18"]
[Annotator "ChessBase"]
[Result "0-1"]
[Date "2018.12.28"]
[WhiteElo "2644"]
[BlackElo "2634"]
[PlyCount "176"]
[TimeControl "900+10"]

1. e4 e5 2. Nf3 Nc6 3. Nc3 Nf6 4. d4 exd4 5. Nxd4 Bb4 6. Nxc6 bxc6 7. Bd3 0-0 8. 0-0 d5 9. Bd2 Rb8 10. Re1 Be6 11. a3 Bc5 12. Bg5 h6 13. Bh4 Be7 14. exd5 Nxd5 15. Bxe7 Qxe7 16. Qf3 Qg5 17. Ne4 Qf4 18. Qxf4 Nxf4 19. b4 Nxd3 20. cxd3 Bd5 21. Nc5 Rfd8 22. Re7 Rbc8 23. Rae1 Kf8 24. R7e3 Rd6 25. f3 Be6 26. Kf2 Re8 27. Re5 Rd5 28. Rxd5 cxd5 29. Rc1 d4 30. b5 Rc8 31. Nxe6+ fxe6 32. f4 Ke7 33. Kf3 Kd7 34. Rc4 Rb8 35. Rxd4+ Ke7 36. Rc4 Kd7 37. Rc5 Rb6 38. a4 Kd6 39. d4 a6 40. Ke4 axb5 41. Rxb5 Rc6 42. Rb2 Rc4 43. a5 Ra4 44. Rb5 Ra2 45. Kf3 Ra3+ 46. Kg4 Ra2 47. Kh3 Ra4 48. Rb8 Rxa5 49. Rg8 g5 50. fxg5 Rxg5 51. Rxg5 hxg5 52. Kg4 e5 53. Kxg5 exd4 54. Kf4 Kd5 55. h4 c5 56. h5 c4 57. h6 c3 58. h7 c2 59. h8=Q c1=Q+ 60. Kg3 Qg5+ 61. Kf3 Qe3+ 62. Kg4 d3 63. Qa8+ Kc4 64. Qc6+ Kb3 65. Qb5+ Kc2 66. Qa4+ Kd2 67. g3 Ke2 68. Qc4 Kf2 69. Qf7+ Ke1 70. Qb3 Qe4+ 71. Kh3 d2 72. Qc3 Ke2 73. Qb2 Qf5+ 74. Kh4 Qe4+ 75. Kg5 Qe3+ 76. Kg4 Ke1 77. Qb4 Kf1 78. Qb1+ Kf2 79. Qf5+ Ke1 80. Qa5 Qe4+ 81. Kh3 Qh1+ 82. Kg4 Qe4+ 83. Kh3 Ke2 84. Qa6+ Qd3 85. Qe6+ Qe3 86. Qc4+ Kf2 87. Qf7+ Ke1 88. Kg2 Qe2+ 0-1

[Event "FIDE World Rapid-ch Open 2018"]
[White "Rakhmanov, Aleksandr"]
[Black "Amonatov, Farrukh"]
[Site "St. Petersburg"]
[Round "14.19"]
[Annotator "ChessBase"]
[Result "1-0"]
[Date "2018.12.28"]
[WhiteElo "2629"]
[BlackElo "2614"]
[PlyCount "97"]
[TimeControl "900+10"]

1. c4 Nf6 2. Nc3 g6 3. g3 Bg7 4. Bg2 0-0 5. d3 c5 6. e3 Nc6 7. Nge2 e5 8. b3 d6 9. Bb2 Ne8 10. 0-0 Nc7 11. Qd2 a6 12. Nd5 Nxd5 13. cxd5 Ne7 14. e4 Bd7 15. f4 f6 16. Rf2 b5 17. Raf1 Qb6 18. h4 a5 19. Kh2 a4 20. b4 Rac8 21. Bc3 Bg4 22. Bh3 Bxh3 23. Kxh3 cxb4 24. Bxb4 f5 25. fxe5 Bxe5 26. Nf4 fxe4 27. dxe4 Rce8 28. Ne6 Rxf2 29. Rxf2 Nc6 30. Rf1 Qb7 31. Qf2 Qe7 32. Bd2 Nd8 33. Bg5 Qf7 34. Bxd8 Qxf2 35. Rxf2 b4 36. Rf1 a3 37. Bf6 Bxf6 38. Rxf6 Rc8 39. h5 gxh5 40. Kh4 h6 41. Kxh5 Kh7 42. Rf7+ Kg8 43. Kg6 b3 44. axb3 Ra8 45. Rf1 a2 46. Ra1 Kh8 47. b4 Ra3 48. g4 Ra4 49. Kf5 1-0

[Event "FIDE World Rapid-ch Open 2018"]
[White "Fridman, Daniel"]
[Black "Antipov, Mikhail Al."]
[Site "St. Petersburg"]
[Round "14.20"]
[Annotator "ChessBase"]
[Result "1-0"]
[Date "2018.12.28"]
[WhiteElo "2633"]
[BlackElo "2589"]
[PlyCount "81"]
[TimeControl "900+10"]

1. Nf3 Nf6 2. c4 c6 3. d4 d5 4. g3 Bf5 5. Nc3 e6 6. Nh4 Bg4 7. Qb3 Qb6 8. c5 Qc7 9. Bf4 Qc8 10. h3 Bh5 11. g4 Bg6 12. Nxg6 hxg6 13. Bg2 Nbd7 14. Bg3 Be7 15. e3 Kf8 16. Qc2 Ne8 17. 0-0 Bh4 18. Bh2 Kg8 19. b4 Bd8 20. b5 Bc7 21. Bxc7 Qxc7 22. Rab1 Nf8 23. bxc6 bxc6 24. Rb2 e5 25. Rfb1 exd4 26. exd4 Ne6 27. Ne2 g5 28. Rb7 Qc8 29. Qf5 N8c7 30. Qe5 Nb5 31. R1xb5 cxb5 32. Bxd5 Rh6 33. Ng3 Qf8 34. Nf5 Rf6 35. Nd6 Kh8 36. Rxf7 Rxf7 37. Nxf7+ Qxf7 38. Bxe6 Qe7 39. c6 Re8 40. c7 Qa3 41. Qc5 1-0

[Event "FIDE World Rapid-ch Open 2018"]
[White "Amin, Bassem"]
[Black "Le, Quang Liem"]
[Site "St. Petersburg"]
[Round "14.22"]
[Annotator "ChessBase"]
[Result "0-1"]
[Date "2018.12.28"]
[WhiteElo "2710"]
[BlackElo "2714"]
[PlyCount "64"]
[TimeControl "900+10"]

1. e4 c5 2. Nf3 Nc6 3. Bb5 g6 4. Bxc6 dxc6 5. d3 Bg7 6. h3 Nf6 7. Nc3 Nd7 8. Be3 e5 9. Qd2 h6 10. 0-0 Qe7 11. Nh2 Nf8 12. f4 exf4 13. Bxf4 Be6 14. Rae1 g5 15. Bg3 Ng6 16. Nd5 cxd5 17. exd5 0-0 18. Nf3 Rad8 19. dxe6 f5 20. c3 Rf6 21. Qc2 Rxe6 22. Qb3 Nf8 23. Rxe6 Qxe6 24. Qxb7 Rxd3 25. Qxa7 g4 26. Re1 Qd5 27. Be5 Bxe5 28. Rxe5 Rd1+ 29. Kf2 Qd3 30. hxg4 fxg4 31. Ne1 g3+ 32. Kg1 Qd2 0-1

[Event "FIDE World Rapid-ch Open 2018"]
[White "Sakaev, Konstantin"]
[Black "Mamedov, Rauf"]
[Site "St. Petersburg"]
[Round "14.23"]
[Annotator "ChessBase"]
[Result "1-0"]
[Date "2018.12.28"]
[WhiteElo "2584"]
[BlackElo "2703"]
[PlyCount "101"]
[TimeControl "900+10"]

1. d4 d6 2. Nf3 Nf6 3. c4 g6 4. Nc3 Bf5 5. e3 Bg7 6. Bd3 Bxd3 7. Qxd3 0-0 8. 0-0 c5 9. d5 Nbd7 10. h3 Re8 11. e4 e5 12. dxe6 Rxe6 13. Bf4 Nh5 14. Bh2 Bxc3 15. Qxc3 Qf6 16. Qxf6 Nhxf6 17. Ng5 Ree8 18. Bxd6 h6 19. Nf3 Nxe4 20. Bf4 g5 21. Be3 f5 22. Rfe1 f4 23. Bd2 a6 24. Rad1 Ndf6 25. b3 b5 26. Ba5 b4 27. a3 bxa3 28. Ra1 h5 29. Rxa3 g4 30. hxg4 hxg4 31. Nd2 Ng5 32. Raa1 Kf7 33. Bc7 f3 34. Bf4 Ne6 35. Be3 fxg2 36. Kxg2 Red8 37. Ra3 Rd3 38. Rea1 Rad8 39. Nf1 Nh5 40. Rxa6 Rxb3 41. Ra7+ Kf6 42. R1a6 Rd1 43. Rh7 Nhg7 44. Rxg7 Kxg7 45. Rxe6 Rbb1 46. Ng3 Rb4 47. Re4 Ra4 48. Rxg4+ Kf6 49. Ne4+ Kf5 50. Rf4+ Ke5 51. Nc3 1-0

[Event "FIDE World Rapid-ch Open 2018"]
[White "Inarkiev, Ernesto"]
[Black "Tomashevsky, Evgeny"]
[Site "St. Petersburg"]
[Round "14.24"]
[Annotator "ChessBase"]
[Result "1/2-1/2"]
[Date "2018.12.28"]
[WhiteElo "2693"]
[BlackElo "2705"]
[PlyCount "144"]
[TimeControl "900+10"]

1. e4 c6 2. d4 d5 3. e5 Bf5 4. h4 h5 5. Bd3 Bxd3 6. Qxd3 e6 7. Bg5 Be7 8. Nf3 Nh6 9. Nbd2 Nf5 10. Nf1 Qa5+ 11. c3 Qa6 12. Qd2 Nd7 13. Ng3 Nxg3 14. fxg3 f6 15. Bf4 0-0-0 16. Qe3 Rhe8 17. Kf2 fxe5 18. Nxe5 Nxe5 19. Bxe5 Rf8+ 20. Bf4 Bd6 21. Rhe1 Bxf4 22. gxf4 Rde8 23. g3 g6 24. Kg2 Rf5 25. Qd2 Qa5 26. Re3 Qc7 27. Rae1 Qd6 28. R1e2 a6 29. Qe1 Rf6 30. Re5 Kb8 31. R2e3 Ka8 32. Qe2 Qd7 33. Qd3 Rf5 34. Qe2 Rxe5 35. Rxe5 Qf7 36. Kh2 Kb8 37. b3 Qd7 38. Qd3 Qf7 39. Qe3 Kc8 40. c4 Kd7 41. c5 Qf6 42. b4 Ke7 43. a4 Kf7 44. b5 axb5 45. axb5 Qd8 46. b6 Qa8 47. Qd3 Qa1 48. Re2 Qf1 49. Qe3 Qb1 50. Kg2 Re7 51. Qe5 Qd3 52. Ra2 Qb3 53. Qe2 Qc3 54. Ra4 Re8 55. Qf2 Qd3 56. Kh2 Qe4 57. Qd2 Qf3 58. Ra7 Re7 59. Ra1 Re8 60. Qb2 Qe3 61. Ra3 Qe1 62. Qc2 Qb4 63. Qd3 Qb2+ 64. Kg1 Qc1+ 65. Kg2 Qb2+ 66. Kf3 Qc1 67. Ra7 Re7 68. Qe2 Qh1+ 69. Kf2 Qh2+ 70. Kf3 Qh1+ 71. Kf2 Qh2+ 72. Kf3 Qh1+ {[%emt 0:0:8] Ke4} 1/2-1/2

[Event "FIDE World Rapid-ch Open 2018"]
[White "Jobava, Baadur"]
[Black "Yuffa, Daniil"]
[Site "St. Petersburg"]
[Round "14.25"]
[Annotator "ChessBase"]
[Result "1-0"]
[Date "2018.12.28"]
[WhiteElo "2627"]
[BlackElo "2572"]
[PlyCount "79"]
[TimeControl "900+10"]

1. d4 Nf6 2. c4 g6 3. Nc3 Bg7 4. e4 d6 5. Be2 0-0 6. h4 c5 7. d5 b5 8. cxb5 a6 9. bxa6 Bxa6 10. h5 Bxe2 11. Ngxe2 Nxh5 12. f3 Nd7 13. Kf2 Rb8 14. Rb1 c4 15. g4 Nhf6 16. Kg2 Ne5 17. Bh6 Qd7 18. Bxg7 Kxg7 19. Ng3 h6 20. Qd2 Rh8 21. Nce2 Qa7 22. b4 Nd3 23. Rhf1 Qa3 24. b5 Ra8 25. Nc3 h5 26. g5 Nd7 27. Nge2 N7e5 28. Nd4 Nf4+ 29. Kh2 Ned3 30. Nc6 Rhb8 31. Nxb8 Rxb8 32. b6 Rb7 33. Rb5 Qa8 34. Rh1 Qc8 35. Kg3 Qd8 36. Rh4 Rxb6 37. Rxf4 e5 38. dxe6 Rxb5 39. Rxf7+ Kg8 40. e7 1-0

[Event "FIDE World Rapid-ch Open 2018"]
[White "Postny, Evgeny"]
[Black "Akopian, Vladimir"]
[Site "St. Petersburg"]
[Round "14.26"]
[Annotator "ChessBase"]
[Result "1-0"]
[Date "2018.12.28"]
[WhiteElo "2615"]
[BlackElo "2650"]
[PlyCount "149"]
[TimeControl "900+10"]

1. d4 Nf6 2. c4 e6 3. Nf3 c5 4. d5 exd5 5. cxd5 d6 6. Nc3 g6 7. Bf4 Bg7 8. Qa4+ Bd7 9. Qb3 Qc7 10. e4 0-0 11. Be2 a6 12. a4 Bg4 13. h3 Bxf3 14. Bxf3 Nfd7 15. 0-0 Ne5 16. Be2 Nbd7 17. Be3 c4 18. Qa2 f5 19. f4 Nf7 20. exf5 Rae8 21. Bf2 Nh6 22. fxg6 hxg6 23. Qxc4 Qxc4 24. Bxc4 Rxf4 25. Bd3 Ne5 26. Bg3 Rb4 27. Rae1 Rf8 28. Rxf8+ Kxf8 29. Bxg6 Rxb2 30. Bh5 Kg8 31. Rf1 Nc4 32. Nd1 Ra2 33. Bg6 b5 34. axb5 axb5 35. Nf2 b4 36. Rc1 Be5 37. Bh4 Ne3 38. Bg5 Nhf5 39. g4 Nd4 40. Rc8+ Kg7 41. Bxe3 Nf3+ 42. Kg2 Nh4+ 43. Kf1 Kxg6 44. Rb8 Ra3 45. Ke2 b3 46. Nd3 Ra2+ 47. Kd1 Ra1+ 48. Bc1 Bd4 49. Rxb3 Ng2 50. Ke2 Ra2+ 51. Kf3 Nh4+ 52. Ke4 Bf6 53. Nf4+ Kf7 54. Rb7+ Kg8 55. Rb8+ Kf7 56. Rb7+ Kg8 57. Nh5 Ra4+ 58. Kd3 Be5 59. g5 Rd4+ 60. Ke2 Rxd5 61. Bf4 Kf8 62. Nf6 Bxf6 63. gxf6 Rf5 64. Bxd6+ Kg8 65. Rg7+ Kh8 66. Rg4 Nf3 67. Rf4 Rxf4 68. Bxf4 Nh4 69. Ke3 Kh7 70. Bg5 Nf5+ 71. Kf4 Nd6 72. Ke5 Nf7+ 73. Kf5 Kg8 74. Bf4 Nd8 75. Ke4 1-0